 Dungeon Crawl Stone Soup version 0.30-a0-743-gbfdf073431 (webtiles) character file.

Game seed: 3680655747544511181

22 scionoferis the Vexing (level 2, 0/23 HPs)
             Began as a Demigod Hexslinger on Feb 5, 2023.
             Slain by a gnoll
             ... wielding a +0 spear
              (6 damage)
             ... on level 1 of the Dungeon.
             The game lasted 00:01:38 (529 turns).

scionoferis the Vexing (Demigod Hexslinger)          Turns: 529, Time: 00:01:38

Health: 0/23       AC:  2    Str: 11    XL:     2   Next: 51%
Magic:  14/14      EV: 12    Int: 15    God:
Gold:   11         SH:  0    Dex: 14    Spells: 2/3 levels left

rFire   . . .      SeeInvis .    i - +0 dagger
rCold   . . .      Faith    .    (no shield)
rNeg    . . .      Spirit   .    c - +0 robe
rPois   .          Reflect  .    (no helmet)
rElec   .          Harm     .    (no cloak)
rCorr   .          Rampage  .    (no gloves)
Will    .....                    (no boots)
Stlth   ++                       (no amulet)
HPRegen 0.23/turn                g - ring of magical power
MPRegen 0.14/turn                (no ring)

@: no status effects
A: high MP 1, forlorn, divine attributes
a: no special abilities


You were on level 1 of the Dungeon.
You visited 1 branch of the dungeon, and saw 1 of its levels.

You collected 11 gold pieces.


Innate Abilities, Weirdness & Mutations

You have an increased reservoir of magic. (+10% MP)
You shall have no god before yourself.
Your divine heritage dramatically boosts your attributes as you level up.


   Skills:
 + Level 1.3 Fighting
 - Level 1.7 Ranged Weapons
 * Level 2.4 Dodging
 + Level 1.0 Stealth
 - Level 1.0 Spellcasting
 - Level 2.6 Hexes


You had 2 spell levels left.
You knew the following spells:

 Your Spells              Type           Power      Damage    Failure   Level
a - Slow                  Hex            32%        N/A       9%          1

Your spell library contained the following spells:

 Spells                   Type           Power      Damage    Failure   Level
 Scorch                   Fire           0%         2d5       36%         2
 Inner Flame              Hex/Fire       4%         N/A       38%         3
 Portal Projectile        Hex/Tloc       8%         N/A       38%         3
 Ignite Poison            Fire/Tmut/Pois 0%         N/A       58%         3
 Cause Fear               Hex            4%         N/A       63%         4
 Flame Wave               Conj/Fire      0%         2d4       94%         4
 Sticky Flame             Conj/Fire      0%         2d3       94%         4
 Summon Cactus Giant      Summ           0%         N/A       100%        6
 Ignition                 Fire           0%         3d3       100%        8

Inventory:

Hand Weapons
 a - a +1 sling
 i - a +0 dagger (weapon)
   (You took it off a kobold on level 1 of the Dungeon)
Armour
 c - a +0 robe (worn)
Jewellery
 g - a ring of magical power (left hand)
   (You found it on level 1 of the Dungeon)
Scrolls
 b - a scroll of poison
 d - a scroll of acquirement {unknown}
 e - 2 scrolls of magic mapping {unknown}
 f - a scroll of identify {unknown}
 h - 2 scrolls of teleportation {unknown}

Dungeon Overview and Level Annotations

Branches:
Dungeon (1/15)

........ #.............
........ #.............
........ #...†#
######## ###†## # #
########.# # #.
.........# ## #..
.#######.######+ .##
#....##.....g.......
..#
#....##..###@######.
#.# #).......###.######
#.# #.................#
#.###....#...###.####.#
#..................##.#
##...........###.#.##.#
.'.##.##.....###......#
#####.........##...####
# ...........###...###


You could see a gnoll.


Message History

Welcome, scionoferis the Demigod Hexslinger.
A smirking vizier told you that the Orb of Zot is just within this dungeon.
Press ? for a list of commands and other information.
Found 4 stones.
Found a staircase leading out of the dungeon.
You see here a stone.
You open the door.
Found 32 stones.
Found 8 stones.
There is an open door here.
You now have 11 gold pieces.
You see here a stone.
You see here a stone.
You see here a stone.
You open the door.
There is an open door here.
An endoplasm comes into view.
You shoot a sling bullet. The sling bullet hits the endoplasm.
The endoplasm quivers.
The endoplasm is almost dead.
You shoot a sling bullet. The sling bullet hits the endoplasm.
You kill the endoplasm!
No target in view!
No target in view!
You open the door.
A hobgoblin comes into view.
There is an open door here.
You shoot a sling bullet.
The sling bullet closely misses the hobgoblin.
The hobgoblin barely misses you.
You shoot a sling bullet.
The sling bullet closely misses the hobgoblin.
The hobgoblin barely misses you.
You shoot a sling bullet. The sling bullet hits the hobgoblin.
The hobgoblin is almost dead.
The hobgoblin closely misses you.
You shoot a sling bullet. The sling bullet hits the hobgoblin.
You kill the hobgoblin!
Your Fighting skill increases to level 1!
No target in view!
Found a stone staircase leading down.
You open the door.
Found 7 stones.
There is an open door here.
A frilled lizard comes into view.
The frilled lizard hisses angrily.
You shoot a sling bullet.
The sling bullet closely misses the frilled lizard.
The frilled lizard hisses.
You shoot a sling bullet.
The sling bullet closely misses the frilled lizard.
You shoot a sling bullet.
The sling bullet barely misses the frilled lizard.
You shoot a sling bullet.
The sling bullet barely misses the frilled lizard.
The frilled lizard closely misses you.
You shoot a sling bullet.
The sling bullet hits the frilled lizard.
You kill the frilled lizard!
No target in view!
Found an escape hatch in the floor.
d - a scroll labelled MYIR PIFOTRYE
e - a scroll labelled EMMINI GI YVIE A quokka comes into view.
The quokka moves out of view.
You shoot a sling bullet. The sling bullet misses the quokka.
You shoot a sling bullet.
The sling bullet closely misses the quokka.
You shoot a sling bullet.
The sling bullet hits the quokka but does no damage.
The quokka barely misses you. The quokka closely misses you.
You shoot a sling bullet.
The sling bullet closely misses the quokka.
The quokka bites you.
You shoot a sling bullet. The sling bullet hits the quokka.
You kill the quokka!
Your Dodging skill increases to level 2!
No target in view!
HP restored.
A giant cockroach comes into view.
You shoot a sling bullet.
The sling bullet hits the giant cockroach.
The giant cockroach is heavily wounded.
You shoot a sling bullet.
The sling bullet hits the giant cockroach.
You kill the giant cockroach!
A giant cockroach comes into view.
You shoot a sling bullet.
The sling bullet hits the giant cockroach but does no damage.
You shoot a sling bullet.
The sling bullet hits the giant cockroach!
You kill the giant cockroach!
No target in view!
No target in view!
f - a scroll labelled QINKES FOWNEDE A quokka and a rat come into view.
You shoot a sling bullet. The sling bullet hits the rat!
You kill the rat!
You shoot a sling bullet.
The sling bullet closely misses the quokka.
You shoot a sling bullet.
The sling bullet closely misses the quokka.
The quokka closely misses you.
You shoot a sling bullet.
The sling bullet hits the quokka but does no damage.
The quokka bites you.
You shoot a sling bullet.
The sling bullet barely misses the quokka.
The quokka misses you. The quokka barely misses you.
You shoot a sling bullet.
The sling bullet closely misses the quokka.
The quokka closely misses you. The quokka barely misses you.
You shoot a sling bullet.
The sling bullet hits the quokka but does no damage.
The quokka closely misses you.
You shoot a sling bullet. The sling bullet hits the quokka.
The quokka is moderately wounded.
The quokka barely misses you. The quokka misses you.
You shoot a sling bullet. The sling bullet misses the quokka.
The quokka misses you.
You shoot a sling bullet.
The sling bullet barely misses the quokka.
The quokka closely misses you. The quokka bites you.
You shoot a sling bullet.
The sling bullet barely misses the quokka.
The quokka closely misses you.
The quokka bites you but does no damage.
You shoot a sling bullet.
The sling bullet barely misses the quokka.
The quokka closely misses you.
You shoot a sling bullet. The sling bullet hits the quokka!
You kill the quokka!
No target in view!
g - a ring of magical power You feel your magic capacity increase.
g - a ring of magical power (left hand) Magic restored.
Found a scale mail.
A hobgoblin comes into view.
The hobgoblin shouts!
You shoot a sling bullet.
The sling bullet closely misses the hobgoblin.
You shoot a sling bullet.
The sling bullet barely misses the hobgoblin.
You shoot a sling bullet. The sling bullet hits the hobgoblin.
The hobgoblin is moderately wounded.
The hobgoblin closely misses you.
You shoot a sling bullet.
The sling bullet barely misses the hobgoblin.
The hobgoblin hits you. The hobgoblin misses you.
You shoot a sling bullet.
The sling bullet barely misses the hobgoblin.
The hobgoblin hits you.
You shoot a sling bullet. The sling bullet hits the hobgoblin!
You kill the hobgoblin!
You have reached level 2!
A giant cockroach comes into view.
You shoot a sling bullet.
The sling bullet hits the giant cockroach but does no damage.
You shoot a sling bullet.
The sling bullet hits the giant cockroach.
The giant cockroach is almost dead.
You shoot a sling bullet.
The sling bullet hits the giant cockroach.
You kill the giant cockroach!
No target in view!
A rat comes into view.
The rat moves out of view.
A rat is nearby!
You shoot a sling bullet. The sling bullet hits the rat.
You kill the rat!
No target in view!
No target in view!
h - a scroll labelled ZAUGI UC SOEHO You open the door.
Found a robe.
An endoplasm comes into view.
The endoplasm quivers.
You shoot a sling bullet. The sling bullet hits the endoplasm.
The endoplasm is moderately wounded.
You shoot a sling bullet. The sling bullet hits the endoplasm.
The endoplasm is heavily wounded.
You shoot a sling bullet.
The sling bullet barely misses the endoplasm.
You shoot a sling bullet. The sling bullet hits the endoplasm.
The endoplasm is almost dead.
You shoot a sling bullet. The sling bullet hits the endoplasm.
You kill the endoplasm!
No target in view!
h - 2 scrolls labelled ZAUGI UC SOEHO (gained 1)
Found a stone staircase leading down.
A frilled lizard comes into view.
You shoot a sling bullet.
The sling bullet hits the frilled lizard.
You kill the frilled lizard!
No target in view!
No target in view!
Found a ring mail.
e - 2 scrolls labelled EMMINI GI YVIE (gained 1)
You pick up an Everburning Encyclopedia and begin reading...
You add the spells Ignite Poison, Sticky Flame and Ignition to your library.
A quokka comes into view.
You shoot a sling bullet. The sling bullet hits the quokka.
The quokka is moderately wounded.
You shoot a sling bullet. The sling bullet hits the quokka.
You kill the quokka!
No target in view!
No target in view!
A giant cockroach comes into view.
A giant cockroach is nearby!
You shoot a sling bullet.
The sling bullet hits the giant cockroach but does no damage.
You shoot a sling bullet.
The sling bullet barely misses the giant cockroach.
You shoot a sling bullet.
The sling bullet hits the giant cockroach but does no damage.
You shoot a sling bullet.
The sling bullet hits the giant cockroach but does no damage.
The giant cockroach bites you.
You shoot a sling bullet.
The sling bullet closely misses the giant cockroach.
The giant cockroach bites you. The giant cockroach closely misses you.
You shoot a sling bullet.
The sling bullet barely misses the giant cockroach.
The giant cockroach bites you.
You shoot a sling bullet.
The sling bullet hits the giant cockroach.
The giant cockroach is heavily wounded.
The giant cockroach closely misses you. The giant cockroach barely misses you.
You shoot a sling bullet.
The sling bullet barely misses the giant cockroach.
The giant cockroach closely misses you. x2
You shoot a sling bullet.
The sling bullet hits the giant cockroach.
You kill the giant cockroach!
No target in view!
A frilled lizard comes into view.
You shoot a sling bullet.
The sling bullet hits the frilled lizard.
You kill the frilled lizard!
No target in view!
No target in view!
Found a hand axe.
You pick up a book of Scorching and begin reading...
You add the spells Scorch, Flame Wave and Summon Cactus Giant to your library.
A hobgoblin and a kobold come into view.
Found a scroll labelled SURONWON UNTA.
The kobold shouts!
You hear a shout!
You shoot a sling bullet. The sling bullet hits the hobgoblin.
The hobgoblin is almost dead.
You shoot a sling bullet. The sling bullet hits the hobgoblin.
You kill the hobgoblin!
You shoot a sling bullet. The sling bullet hits the kobold.
You kill the kobold!
No target in view!
You see here a +0 dagger.
A rat and a ball python come into view.
Found a stone staircase leading down.
You see here a +0 dagger.
i - a +0 dagger You shoot a sling bullet.
The sling bullet hits the rat but does no damage.
The rat barely misses you.
You shoot a sling bullet.
The sling bullet closely misses the rat.
The rat misses you.
You shoot a sling bullet. The sling bullet barely misses the rat.
The rat bites you.
You shoot a sling bullet. The sling bullet hits the rat.
You kill the rat!
Your Stealth skill increases to level 1!
No target in view!
No target in view!
A rat comes into view.
You see here a rat corpse.
You shoot a sling bullet.
The sling bullet closely misses the rat.
You shoot a sling bullet. The sling bullet hits the rat.
The rat is heavily wounded.
The rat closely misses you.
You shoot a sling bullet. The sling bullet hits the rat!
You kill the rat!
No target in view!
No target in view!
A gnoll comes into view. It is wielding a +0 spear.
You shoot a sling bullet.
The sling bullet hits the gnoll but does no damage.
You shoot a sling bullet.
The sling bullet closely misses the gnoll.
You shoot a sling bullet.
The sling bullet barely misses the gnoll.
You hear an angry hiss.
You see here a rat corpse.
i - a +0 dagger (weapon)
The gnoll hits you from afar with a +0 spear!
The gnoll hits you with a +0 spear.
You hit the gnoll.
The gnoll is moderately wounded.
The gnoll misses you.
You closely miss the gnoll.
The gnoll is moderately wounded.
The gnoll hits you with a +0 spear.
You barely miss the gnoll.
The gnoll is moderately wounded.
The gnoll hits you with a +0 spear.
You barely miss the gnoll.
The gnoll is moderately wounded.
The gnoll closely misses you.
You hit the gnoll.
The gnoll is heavily wounded.
The gnoll hits you with a +0 spear.
You hit the gnoll but do no damage.
The gnoll is heavily wounded.
The gnoll hits you with a +0 spear.
* * * LOW HITPOINT WARNING * * *
You hit the gnoll but do no damage.
The gnoll is heavily wounded.
The gnoll hits you with a +0 spear.
You die...

Skill      XL: |  1  2 |
---------------+-------+-----
Fighting       | 1 |  1.3
Dodging        | 2 |  2.4
Stealth        | 1 |  1.0
Ranged Weapons | |  1.7
Spellcasting   | |  1.0
Hexes          | |  2.6

Action                     || total
---------------------------++-------
  Melee: Dagger            ||     7
   Fire: Sling             ||    74
 Armour: Robe              ||     1
  Dodge: Dodged            ||    30

Levels and vault maps discovered:
D:1:      minmay_arrival_shattered_statue, layout_basic,
          minmay_misc_feat_more_columns

Notes
Turn   | Place    | Note
-------+----------+-------------------------------------------
     0 | D:1      | scionoferis the Demigod Hexslinger began the quest for the
                  | Orb.
     0 | D:1      | Reached XP level 1. HP: 15/15 MP: 4/4
    35 | D:1      | Reached skill level 1 in Fighting
    98 | D:1      | Reached skill level 2 in Dodging
   257 | D:1      | Reached XP level 2. HP: 17/23 MP: 5/5
   506 | D:1      | Reached skill level 1 in Stealth
   529 | D:1      | Slain by a gnoll

Vanquished Creatures
  2 endoplasms (D:1)
  4 giant cockroaches (D:1)
  3 hobgoblins (D:1)
  3 quokkas (D:1)
  3 frilled lizards (D:1)
  A kobold (D:1)
  4 rats (D:1)
20 creatures vanquished.

Table legend: (Time is in decaauts)
 A = Elapsed time spent in this place.
 B = Non-inter-level travel time spent in this place.
 C = Inter-level travel time spent in this place.
 D = Time resting spent in this place.
 E = Time spent auto-exploring this place.
 F = Levels seen in this place.
 G = Mean time per level.
                   A        B        C        D        E       F      G
               +--------+--------+--------+--------+--------+-----+--------+
         Total |    551 |    551 |      0 |      0 |    395 |   1 |  551.0 |
       Dungeon |    551 |    551 |      0 |      0 |    395 |   1 |  551.0 |
               +--------+--------+--------+--------+--------+-----+--------+

Top non-repeatable levels by time:
     D:1: 551 daAuts

Table legend:
 A = Non-vault XP
 B = Vault XP
 C = Vault XP percentage of total XP
 D = Non-vault monster count
 E = Vault monster count
 F = Vault count percentage of total count
                 A         B        C        D         E       F
            +---------+---------+-------+---------+---------+-------
      Total |      32 |       0 |   0.0 |      20 |       0 |   0.0
            +---------+---------+-------+---------+---------+-------
        D:1 |      32 |       0 |   0.0 |      20 |       0 |   0.0
            +---------+---------+-------+---------+---------+-------
